 Dungeon Crawl Stone Soup version 0.30.0-10-gfe55d96785 (webtiles) character file.

Game seed: 16109347461530777446

2666 qw the Cleaver (level 9, 1/1 HPs)
             Began as a Gargoyle Cinder Acolyte on May 17, 2023.
             Was an Initiate of Ignis.
             Quit the game on level 6 of the Dungeon.
             The game lasted 00:07:20 (42657 turns).

qw the Cleaver (Gargoyle Cinder Acolyte)           Turns: 42657, Time: 00:07:20

Health: 1/1        AC: 22    Str: 33    XL:     9   Next: 63%
Magic:  10/10      EV:  7    Int: 13    God:    Ignis [......]
Gold:   424        SH:  0    Dex:  4    Spells: 10/10 levels left

rFire   + . .        Y - +1 hand axe (flame)
rCold   + . .        (no shield)
rNeg    + . .        m - +0 plate armour
rPois   inf          f - +0 helmet
rElec   +            (no cloak)
rCorr   .            (no gloves)
SInv    .            h - +0 pair of boots
Will    .....        (no amulet) Stlth
                     d - +6 ring of strength
HPRegen 0.20/turn    (no ring)
MPRegen 0.12/turn

%: no passive effects
@: no status effects
A: sickness immunity, AC +6, negative energy resistance 1, electricity
resistance, torment resistance 1, petrification resistance, iridescent scales 1,
cold resistance 1, strong 1, wild magic 1
a: Renounce Religion, Rising Flame


You were on level 6 of the Dungeon.
You worshipped Ignis.
Ignis was noncommittal.
You visited 1 branch of the dungeon, and saw 7 of its levels.
You also visited: Sewer.

You collected 424 gold pieces.


Innate Abilities, Weirdness & Mutations

You are immune to sickness and miasma.
Your stone body is resilient. (AC +6)
You are immune to poison.
You resist negative energy. (rN+)
You are resistant to electric shocks. (rElec)
You are resistant to unholy torment.
You are immune to petrification.
You are partially covered in iridescent scales. (AC +2)
Your flesh is cold resistant. (rC+)
Your muscles are strong. (Str +4, Int/Dex -1)
Your spells are a little harder to cast, but a little more powerful.


   Skills:
 - Level 8.6 Fighting
 - Level 9.7 Axes
 - Level 1.0 Throwing
 + Level 3.0 Armour
 - Level 1.0 Spellcasting
 - Level 3.0 Fire Magic


You had 10 spell levels left.
You didn't know any spells.
Your spell library contained the following spells:

 Spells                   Type           Power      Damage    Failure   Level
 Scorch                   Fire           20%        2d5       78%         2

Inventory:

Hand Weapons
 Y - a +1 hand axe of flaming (weapon)
Armour
 f - a +0 helmet (worn)
 h - a +0 pair of boots (worn)
 m - a +0 plate armour (worn)
Jewellery
 d - a +6 ring of strength (left hand)
Scrolls
 g - a scroll of identify
Potions
 b - 2 potions of mutation
 c - 3 potions of heal wounds
 i - a potion of brilliance {unknown}
 j - 4 potions of curing
 k - a potion of attraction {unknown}
 l - a potion of flight {unknown}
 o - a potion of haste {unknown}

Dungeon Overview and Level Annotations

Branches:
Dungeon (7/15)             Temple (0/1) D:6           Sewer (visited)

Altars:
Kikubaaqudgha


Message History

There is a stone staircase leading up here.
There is a stone staircase leading up here.
You see here a +0 falchion.
There is an escape hatch in the ceiling here.
You see here a +0 falchion.
There is a stone staircase leading up here.
You see here a +0 falchion.
There is a stone staircase leading up here.
You see here a +0 spear.
You see here a +0 flail of draining.
There is a stone staircase leading up here.
Zot draws nearer.
Dive deeper or flee this branch before you suffer!
There is an escape hatch in the ceiling here.
There is a stone staircase leading up here.
There is a stone staircase leading up here.
There is an escape hatch in the ceiling here.
There is a stone staircase leading up here.
You see here a +0 falchion.
There is a stone staircase leading up here.
There is a fountain of clear blue water here.
You see here a +0 spear.
You see here a +0 flail of draining.
There is a stone staircase leading up here.
There is an escape hatch in the ceiling here.
You see here a +0 falchion.
There is a stone staircase leading up here.
You see here a +0 falchion.
There is an escape hatch in the ceiling here.
There is a stone staircase leading up here.
There is a stone staircase leading up here.
You see here a +0 falchion.
Zot has nearly found you.
Suffering is imminent.
Descend or flee this branch!
You see here a +0 falchion.
There is a stone staircase leading up here.
You see here a +0 falchion.
There is a stone staircase leading up here.
You see here a +0 spear.
You see here a +0 flail of draining.
Zot's power touches on you...
Are you sure you want to abandon this character and quit the game? (Confirm with "yes".)

.#############.......#.##.#
##############.}.}.}.#.##.#
...............8.8.8......####
#############)........##.....#
######.....#####.##.#
#......)...##.....#.###
#######.###..)))............#
##.......##.....)............#
###..########...@()............#
#...## #..................#
..### #..................# .##
#...<..............# ##
#.........>........# #
##.................#
##.....##.....#...#
##################


There were no monsters in sight!

Vanquished Creatures
  A two-headed ogre (D:7)
  Joseph (D:7)
  An ice beast (D:5)
  A sky beast (D:6)
  A centaur (D:6)
  An ogre (D:4)
  2 kobold brigands
  A bullfrog (D:6)
  4 scorpions
  3 wights (D:7)
  2 howler monkeys
  2 hounds
  2 jellies
  An orc priest (D:6)
  Ijyb (D:3)
  4 iguanas
  4 sleepcaps
  An orc wizard (D:6)
  12 gnolls
  3 river rats
  12 adders
  A shadow imp (D:5)
  4 white imps
  A worm (D:2)
  A dart slug (D:5)
  9 orcs
  6 endoplasms
  2 giant cockroaches
  5 hobgoblins
  5 jackals
  4 quokkas
  13 ball pythons
  8 bats
  3 frilled lizards
  4 goblins
  13 kobolds
  28 rats
167 creatures vanquished.

Notes
Turn   | Place    | Note
-------+----------+-------------------------------------------
     0 | D:1      | qw the Gargoyle Cinder Acolyte began the quest for the Orb.
     0 | D:1      | Reached XP level 1. HP: 14/14 MP: 2/2
     0 | D:1      | 0 ||| qw: Version: 0.2-a-95-g4c1bab1
     0 | D:1      | 0 ||| qw: Game counter: 111
     0 | D:1      | 0 ||| qw: Always use a shield: true
     0 | D:1      | 0 ||| qw: God list: Okawaru
     0 | D:1      | 0 ||| qw: Allow faded altars: false
     0 | D:1      | 0 ||| qw: Do Orc after D:15 true
     0 | D:1      | 0 ||| qw: Do second Lair branch before Depths: true
     0 | D:1      | 0 ||| qw: Lair rune preference: random
     0 | D:1      | 0 ||| qw: Plans: Normal
     0 | D:1      | 0 ||| PLANNING D:1-11
   235 | D:1      | Reached skill level 3 in Axes
   235 | D:1      | 235 ||| INVOKING Fiery Armour.
   325 | D:1      | Reached XP level 2. HP: 19/19 MP: 3/3
   746 | D:1      | 746 ||| UPGRADING to +0 leather armour.
   756 | D:1      | 756 ||| DROPPING +0 robe.
   757 | D:1      | 757 ||| UPGRADING to +0 helmet.
   762 | D:1      | 762 ||| UPGRADING to +0 ring mail.
   772 | D:1      | 772 ||| DROPPING +0 leather armour.
   773 | D:1      | 773 ||| READING scroll labelled MUIJYH YJAPRYPN.
   819 | D:2      | 819 ||| Stepping ~*~*~tactically~*~*~ (hiding).
   822 | D:2      | 822 ||| Stepping ~*~*~tactically~*~*~ (hiding).
   845 | D:2      | 845 ||| Stepping ~*~*~tactically~*~*~ (stealth).
   893 | D:2      | Reached skill level 1 in Armour
   966 | D:2      | Found a faded altar of an unknown god.
   970 | D:2      | 970 ||| Stepping ~*~*~tactically~*~*~ (stealth).
   996 | D:2      | Reached XP level 3. HP: 20/23 MP: 4/4
  1560 | D:2      | 1560 ||| UPGRADING to +0 scale mail.
  1570 | D:2      | 1570 ||| DROPPING +0 ring mail.
  1571 | D:2      | 1571 ||| UPGRADING to +0 pair of boots.
  1576 | D:2      | 1576 ||| DROPPING ring of wizardry.
  1577 | D:2      | 1577 ||| READING scroll labelled XEILISU ZOLU.
  1578 | D:2      | 1578 ||| READING scroll labelled KUF ACORIF.
  1596 | D:3      | Noticed Ijyb
  1597 | D:3      | 1597 ||| PLANNING SEWER
  1618 | D:3      | 1618 ||| INVOKING Fiery Armour.
  1622 | D:3      | Killed Ijyb
  1623 | D:3      | Reached skill level 4 in Axes
  1623 | D:3      | Reached XP level 4. HP: 13/28 MP: 5/5
  1785 | D:3      | Found a glowing drain.
  1791 | D:3      | 1791 ||| READING scroll labelled OKKIMI YGIATZ.
  1830 | D:3      | 1830 ||| Stepping ~*~*~tactically~*~*~ (stealth).
  1849 | Sewer    | Entered a sewer
  1926 | Sewer    | 1926 ||| INVOKING Fiery Armour.
  1927 | Sewer    | HP: 5/28 [river rat (6)]
  1931 | Sewer    | Reached XP level 5. HP: 7/32 MP: 6/6
  2049 | Sewer    | 2049 ||| INVOKING Fiery Armour.
  2053 | Sewer    | Reached skill level 5 in Axes
  2056 | Sewer    | 2056 ||| Stepping ~*~*~tactically~*~*~ (water).
  2122 | Sewer    | 2122 ||| READING 2 scrolls labelled SISEIPL YCEM.
  2130 | Sewer    | 2130 ||| READING scroll labelled FOUSSUDDEO.
  2131 | Sewer    | 2131 ||| DROPPING scroll of fog.
  2196 | D:3      | 2196 ||| PLANNING D:1-11
  2240 | D:3      | 2240 ||| Stepping ~*~*~tactically~*~*~ (stealth).
  2246 | D:3      | 2246 ||| INVOKING Fiery Armour.
  2428 | D:3      | 2428 ||| INVOKING Fiery Armour.
  2663 | D:3      | 2663 ||| READING scroll labelled USEUJE PAIJUG.
  2711 | D:4      | Reached XP level 6. HP: 30/38 MP: 7/7
  2850 | D:4      | 2850 ||| Stepping ~*~*~tactically~*~*~ (hiding).
  2923 | D:4      | 2923 ||| Stepping ~*~*~tactically~*~*~ (stealth).
  2931 | D:4      | 2931 ||| Stepping ~*~*~tactically~*~*~ (stealth).
  3044 | D:4      | 3044 ||| READING scroll of enchant weapon.
  3044 | D:4      | 3044 ||| ENCHANTING +0 hand axe of flaming.
  3113 | D:4      | Reached skill level 6 in Axes
  3182 | D:4      | 3182 ||| Stepping ~*~*~tactically~*~*~ (stealth).
  3188 | D:4      | 3188 ||| Stepping ~*~*~tactically~*~*~ (stealth).
  3190 | D:4      | 3190 ||| INVOKING Fiery Armour.
  3200 | D:4      | Reached XP level 7. HP: 37/43 MP: 8/8
  3731 | D:4      | 3731 ||| DRINKING 2 purple potions.
  3731 | D:4      | Gained mutation: Your muscles are strong. (Str +4, Int/Dex
                  | -1) [potion of mutation]
  3731 | D:4      | Gained mutation: Your flesh is cold resistant. (rC+)
                  | [potion of mutation]
  3731 | D:4      | Gained mutation: You have hidden genetic potential. [potion
                  | of mutation]
  3732 | D:4      | 3732 ||| DRINKING 2 bubbling yellow potions.
  3733 | D:4      | 3733 ||| DRINKING potion of curing.
  3733 | D:4      | 3733 ||| (to cure confusion)
  3734 | D:4      | 3734 ||| DROPPING potion of ambrosia.
  3799 | D:5      | Entered Level 5 of the Dungeon
  3936 | D:5      | Reached skill level 7 in Axes
  4241 | D:5      | 4241 ||| Stepping ~*~*~tactically~*~*~ (hiding).
  4246 | D:5      | Reached skill level 3 in Armour
  4378 | D:5      | 4378 ||| INVOKING Fiery Armour.
  4487 | D:5      | 4487 ||| Stepping ~*~*~tactically~*~*~ (hiding).
  4496 | D:5      | Reached XP level 8. HP: 49/49 MP: 9/9
  4797 | D:5      | 4797 ||| READING 3 scrolls of identify.
  4797 | D:5      | 4797 ||| IDENTIFYING smoky golden potion
  4798 | D:5      | 4798 ||| READING 2 scrolls of identify.
  4798 | D:5      | 4798 ||| IDENTIFYING grey potion
  4799 | D:5      | 4799 ||| DROPPING potion of degeneration.
  4859 | D:6      | 4859 ||| INVOKING Fiery Armour.
  4861 | D:6      | HP: 9/49 [gnoll/+0 spear (7)]
  4862 | D:6      | 4862 ||| DRINKING potion of heal wounds.
  4871 | D:6      | Found a staircase to the Ecumenical Temple.
  4874 | D:6      | Reached skill level 8 in Axes
  4884 | D:6      | Gained mutation: Your spells are a little harder to cast,
                  | but a little more powerful. [hidden potential]
  5028 | D:6      | 5028 ||| Stepping ~*~*~tactically~*~*~ (hiding).
  5044 | D:6      | Reached skill level 6 in Fighting
  5202 | D:6      | 5202 ||| Stepping ~*~*~tactically~*~*~ (stealth).
  5208 | D:6      | 5208 ||| INVOKING Fiery Armour.
  5224 | D:6      | 5224 ||| Stepping ~*~*~tactically~*~*~ (water).
  5310 | D:6      | Found an ancient bone altar of Kikubaaqudgha.
  5498 | D:6      | Reached skill level 1 in Throwing
  5628 | D:6      | 5628 ||| UPGRADING to +6 ring of strength.
  5629 | D:6      | 5629 ||| READING scroll labelled TAHAPL NORIA.
  5634 | D:6      | 5634 ||| READING scroll labelled ZIAQABL UNEPSO.
  5718 | D:7      | Reached skill level 9 in Axes
  5719 | D:7      | 5719 ||| INVOKING Fiery Armour.
  5726 | D:7      | Reached XP level 9. HP: 23/56 MP: 10/10
  5896 | D:7      | Noticed a two-headed ogre
  5903 | D:7      | 5903 ||| INVOKING Fiery Armour.
  5907 | D:7      | Killed a two-headed ogre
  5915 | D:7      | Gained mutation: You are partially covered in iridescent
                  | scales. (AC +2) [hidden potential]
  5915 | D:7      | Lost mutation: You have hidden genetic potential. [hidden
                  | potential expressed]
  6201 | D:7      | Noticed Joseph
  6203 | D:7      | 6203 ||| INVOKING Fiery Armour.
  6213 | D:7      | Killed Joseph
  6728 | D:7      | 6728 ||| UPGRADING to +0 plate armour.
  6738 | D:7      | 6738 ||| DROPPING +0 scale mail.
  6739 | D:7      | 6739 ||| READING scroll labelled VYMASI YNGIB.
  6740 | D:7      | 6740 ||| READING 2 scrolls of identify.
  6740 | D:7      | 6740 ||| IDENTIFYING lumpy black potion
  6741 | D:7      | 6741 ||| DROPPING potion of magic.
 31657 | D:6      | Glimpsed the power of Zot.
 32157 | D:6      | Glimpsed the power of Zot.
 32557 | D:6      | Glimpsed the power of Zot.
 32656 | D:6      | Touched by the power of Zot.
 32657 | D:6      | Glimpsed the power of Zot.
 33157 | D:6      | Glimpsed the power of Zot.
 33557 | D:6      | Glimpsed the power of Zot.
 33656 | D:6      | Touched by the power of Zot.
 33657 | D:6      | Glimpsed the power of Zot.
 34157 | D:6      | Glimpsed the power of Zot.
 34557 | D:6      | Glimpsed the power of Zot.
 34656 | D:6      | Touched by the power of Zot.
 34657 | D:6      | Glimpsed the power of Zot.
 35157 | D:6      | Glimpsed the power of Zot.
 35557 | D:6      | Glimpsed the power of Zot.
 35656 | D:6      | Touched by the power of Zot.
 35657 | D:6      | Glimpsed the power of Zot.
 36157 | D:6      | Glimpsed the power of Zot.
 36557 | D:6      | Glimpsed the power of Zot.
 36656 | D:6      | Touched by the power of Zot.
 36657 | D:6      | Glimpsed the power of Zot.
 37157 | D:6      | Glimpsed the power of Zot.
 37557 | D:6      | Glimpsed the power of Zot.
 37656 | D:6      | Touched by the power of Zot.
 37657 | D:6      | Glimpsed the power of Zot.
 38157 | D:6      | Glimpsed the power of Zot.
 38557 | D:6      | Glimpsed the power of Zot.
 38656 | D:6      | Touched by the power of Zot.
 38657 | D:6      | Glimpsed the power of Zot.
 39157 | D:6      | Glimpsed the power of Zot.
 39557 | D:6      | Glimpsed the power of Zot.
 39656 | D:6      | Touched by the power of Zot.
 39657 | D:6      | Glimpsed the power of Zot.
 40157 | D:6      | Glimpsed the power of Zot.
 40557 | D:6      | Glimpsed the power of Zot.
 40656 | D:6      | Touched by the power of Zot.
 40657 | D:6      | Glimpsed the power of Zot.
 41157 | D:6      | Glimpsed the power of Zot.
 41557 | D:6      | Glimpsed the power of Zot.
 41656 | D:6      | Touched by the power of Zot.
 41657 | D:6      | Glimpsed the power of Zot.
 42157 | D:6      | Glimpsed the power of Zot.
 42557 | D:6      | Glimpsed the power of Zot.
 42656 | D:6      | Touched by the power of Zot.
 42657 | D:6      | Quit the game

Levels and vault maps discovered:
D:1:      dpeg_arrival_circle_labyrinth_c, layout_basic
D:2:      layout_basic, hellmonk_ecumenical_altar_pennies_from_heaven
D:3:      layout_rooms, portal_sewer_entry_a, dreamdust_princess_corridor,
          uniq_ijyb
D:4:      layout_gridville, nicolae_kite_square_tiling_tiny
D:5:      layout_basic
D:6:      layout_rooms, mainiacjoe_overflow_cross_hatched,
          minmay_temple_entry_drinking_statues
D:7:      nicolae_cairo_tiling, layout_loops_ring, serial_glass,
          glass_columns_c, glass_columns_b, glass_columns_a, glass_columns_a,
          glass_columns_b, glass_columns_c, glass_columns_a, glass_columns_b,
          glass_columns_a, glass_columns_c, glass_columns_b, glass_columns_a,
          glass_columns_a, glass_columns_b, uniq_joseph

Skill      XL: |  1  2  3  4  5  6  7  8  9 |
---------------+----------------------------+-----
Axes           | 3 4 5 6 7 9 |  9.7
Armour         | 1 2 3 |  3.0
Fighting       | 4 5 6 8 |  8.6
Throwing       | 1 |  1.0
Spellcasting   | |  1.0
Fire Magic     | |  3.0

Action                     |  1- 3 |  4- 6 |  7- 9 || total
---------------------------+-------+-------+-------++-------
  Melee: Hand axe          |   115 |   207 |   222 ||   544
         Punch             |       |     1 |     2 ||     3
  Throw: Boomerang         |       |       |     6 ||     6
 Invoke: Fiery Armour      |     2 |     5 |     6 ||    13
    Use: Scroll            |     3 |     5 |     6 ||    14
         Potion            |       |       |     4 ||     4
 Armour: Robe              |     7 |       |       ||     7
         Ring mail         |    28 |       |       ||    28
         Scale mail        |    12 |   107 |   124 ||   243
  Dodge: Dodged            |    76 |    81 |   103 ||   260

Table legend:
 A = Non-vault XP
 B = Vault XP
 C = Vault XP percentage of total XP
 D = Non-vault monster count
 E = Vault monster count
 F = Vault count percentage of total count
                 A         B        C        D         E       F
            +---------+---------+-------+---------+---------+-------
      Total |    3246 |     563 |  14.8 |     129 |      38 |  22.8
            +---------+---------+-------+---------+---------+-------
        D:1 |      15 |       0 |   0.0 |      10 |       0 |   0.0
        D:2 |      47 |       0 |   0.0 |      20 |       0 |   0.0
        D:3 |      94 |      56 |  37.3 |      20 |       6 |  23.1
        D:4 |     483 |       0 |   0.0 |      23 |       0 |   0.0
        D:5 |     544 |       0 |   0.0 |      19 |       0 |   0.0
        D:6 |     877 |       0 |   0.0 |      28 |       0 |   0.0
        D:7 |    1186 |     439 |  27.0 |       9 |       1 |  10.0
      Sewer |       0 |      68 | 100.0 |       0 |      31 | 100.0
            +---------+---------+-------+---------+---------+-------
